 Dungeon Crawl Stone Soup version 0.29-a0-91-gdebf4667c2 (webtiles) character file.

Game seed: 9803571391328263370

106882 kae the Alchemist (level 15, -5/163 HPs)
             Began as a Yellow Draconian Transmuter on Feb 8, 2022.
             Was a Priest of Ru.
             Slain by a golden dragon simulacrum (16 damage)
             ... in an ice cave.
             The game lasted 00:28:48 (34239 turns).

kae the Alchemist (Yellow Draconian Transmuter)    Turns: 34239, Time: 00:28:48

Health: -5/163     AC: 32    Str: 16    XL:     15   Next: 98%
Magic:  0/28       EV: 16    Int: 18    God:    Ru [***...]
Gold:   2686       SH:  0    Dex: 16    Spells: 6/32 levels left

rFire   . . .      SeeInvis .     - Unarmed
rCold   . . .      Faith    .   (no shield)
rNeg    + . .      Spirit   +   (armour unavailable)
rPois   ∞          Reflect  .   (helmet restricted)
rElec   +          Harm     .   R - +1 cloak {Will+}
rCorr   +          Rampage  .   (gloves currently unavailable)
Will    +++..      Rage     1%  (boots currently unavailable)
Stlth   ..........              z - amulet "Utungumi" {Spirit Dex+5}
HPRegen 0.37/turn               k - ring of willpower
MPRegen 0.21/turn               o - +4 ring of protection

@: statue-form, slowed, unable to read, very slow
A: slow and powerful, torment resistance 1, boosted hp, (spit acid), AC +9,
unfitting armour, acidic bite, cold-blooded, no stealth, hated by all, disrupted
magic 1, acid resistance, berserk 1, deterioration 1, inability to read while
threatened
a: End Transformation, Renounce Religion, Draw Out Power


You were in an ice cave.
You worshipped Ru.
Ru was most pleased with you.
You were a living statue of rough stone.
You visited 5 branches of the dungeon, and saw 26 of its levels.
You also visited: Ossuary, Gauntlet and Ice Cave.

You collected 2869 gold pieces.
You spent 183 gold pieces at shops.

Inventory:

Missiles
 g - 5 throwing nets
Armour
 f - a scarf of repulsion
 R - a +1 cloak of willpower (worn)
Jewellery
 d - an amulet of magic regeneration
 j - an amulet of faith
 k - a ring of willpower (left fist)
 m - a ring of wizardry
 o - a +4 ring of protection (right fist)
 s - a ring of wizardry
 u - a ring of fire
 w - a ring of positive energy
 z - the amulet "Utungumi" (around neck) {Spirit Dex+5}
   (You acquired it on level 7 of the Dungeon)

   [amulet of guardian spirit]

   It causes incoming damage to be divided between your reserves of health and
   magic.
   Dex:       It affects your dexterity (+5).
 E - a ring of positive energy
 H - a ring of positive energy
 P - an amulet of guardian spirit
 Q - an amulet of the acrobat
 S - the ring of Tockuray {Str+3 Int+6}
   (You found it in a Gauntlet)

   [ring of intelligence]

   Str:       It affects your strength (+3).
   Int:       It affects your intelligence (+6).
 T - the amulet "Guiraz" {Faith Dex+4}
   (You took it off a minotaur in a Gauntlet)

   [amulet of faith]

   It allows you to gain divine favour quickly.
   Dex:       It affects your dexterity (+4).
 V - the ring "Ipsaefis" {Str+2 Dex+6}
   (You found it on level 12 of the Dungeon)

   [ring of dexterity]

   Str:       It affects your strength (+2).
   Dex:       It affects your dexterity (+6).
 W - a ring of poison resistance
 Y - an amulet of reflection
Wands
 l - a wand of acid (19)
 y - a wand of paralysis (9)
 G - a wand of polymorph (15)
 I - a wand of flame (25)
 N - a wand of iceblast (17)
 O - a wand of digging (8)
 U - a wand of mindburst (15)
Scrolls
 h - 10 scrolls of enchant weapon
 n - 3 scrolls of brand weapon
 p - 6 scrolls of fear
 r - 2 scrolls of magic mapping
 A - 2 scrolls of teleportation
 D - 2 scrolls of blinking
 F - 4 scrolls of fog
 J - 4 scrolls of enchant armour
 K - 2 scrolls of amnesia
Potions
 a - 3 potions of attraction
 b - 12 potions of curing
 c - 4 potions of berserk rage
 e - 4 potions of haste
 i - 4 potions of heal wounds
 q - 5 potions of might
 t - 4 potions of lignification
 v - 4 potions of flight
 x - 4 potions of magic
 B - 4 potions of resistance
 C - a potion of cancellation
 L - 4 potions of invisibility
 M - 5 potions of brilliance
 X - a potion of mutation


   Skills:
 + Level 9.8 Fighting
 + Level 8.5 Dodging
 * Level 13.9 Unarmed Combat
 + Level 9.4 Spellcasting
 * Level 16.0 Transmutations
 - Level 4.0 Ice Magic
 * Level 7.4 Air Magic
 - Level 10.6 Earth Magic
 - Level 2.0 Poison Magic


You had 6 spell levels left.
You knew the following spells:

 Your Spells              Type           Power      Damage    Failure   Level
a - Beastly Appendage     Tmut           100%       N/A       1%          1
b - Spider Form           Tmut/Pois      40%        N/A       1%          3
c - Ice Form              Ice/Tmut       44%        N/A       2%          4
d - Statue Form           Tmut/Erth      36%        N/A       9%          6
e - Blade Hands           Tmut           30%        N/A       1%          5
f - Storm Form            Tmut/Air       25%        N/A       58%         7

Your spell library contained the following spells:

 Spells                   Type           Power      Damage    Failure   Level
 Wereblood                Tmut           60%        N/A       1%          2
 Petrify                  Tmut/Erth      54%        N/A       1%          4
 Poisonous Vapours        Pois/Air       50%        N/A       3%          2
 Corpse Rot               Necr/Air       42%        N/A       4%          2
 Airstrike                Air            17%        N/A       7%          4
 Alistair's Intoxication  Tmut/Pois      26%        N/A       10%         5
 Foxfire                  Conj/Fire      32%        2x1d5     13%         1
 Irradiate                Conj/Tmut      18%        3d19      13%         5
 Blink                    Tloc           16%        N/A       19%         2
 Scorch                   Fire           16%        2d6       19%         2
 Sublimation of Blood     Necr           8%         N/A       19%         2
 Dazzling Flash           Conj/Hex       16%        N/A       34%         3
 Lesser Beckoning         Tloc           8%         N/A       34%         3
 Portal Projectile        Hex/Tloc       16%        N/A       34%         3
 Borgnjor's Vile Clutch   Necr/Erth      13%        N/A       34%         5
 Eringya's Noxious Bog    Tmut/Pois      20%        N/A       41%         6
 Lightning Bolt           Conj/Air       10%        1d23      54%         5
 Dispel Undead            Necr           8%         3d8       71%         4
 Iskenderun's Mystic Bla  Conj/Tloc      8%         2d4       71%         4
 Metabolic Englaciation   Hex/Ice        7%         N/A       78%         5
 Excruciating Wounds      Necr           4%         N/A       96%         5
 Manifold Assault         Tloc           8%         N/A       96%         5
 Starburst                Conj/Fire      4%         6d3       100%        6
 Dragon Form              Tmut           30%        N/A       14%         7
 Orb of Destruction       Conj           4%         9d5       100%        7
 Maxwell's Capacitive Co  Air            17%        ∞         100%        8
 Summon Lightning Spire   Summ/Air       Unusable   N/A       N/A         4
 Summon Guardian Golem    Hex/Summ       Unusable   N/A       N/A         3
 Death Channel            Necr           Unusable   N/A       N/A         6
 Spellforged Servitor     Conj/Summ      Unusable   N/A       N/A         7
 Summon Hydra             Summ           Unusable   N/A       N/A         7

Dungeon Overview and Level Annotations

Branches:
Dungeon (15/15)            Temple (1/1) D:5            Lair (6/6) D:8
  Swamp (0/4) Lair:2       Spider (2/4) Lair:2        Slime (0/5) Lair:6
    Orc (2/2) D:11            Elf (0/3) Orc:2        Vaults (0/5) D:14
 Depths (0/4) D:15        Ossuary (visited)           IceCv (1/1)
Gauntlet (visited)

Altars:
Ashenzari
Cheibriados
Dithmenos
Elyvilon
Fedhas
Gozag
Hepliaklqana
Kikubaaqudgha
Makhleb
Nemelex Xobeh
Okawaru
Qazlal
Ru
Sif Muna
Trog
Uskayaw
Vehumet
Wu Jian
Xom
Yredelemnul
Zin
The Shining One
Jiyva

Shops:
D:6 (   D:7 ?   D:11 *   Orc:2 *[:!*

Portals:
Pandemonium: Orc:2
Trove: D:11 (give +5 demon whip)

Annotations:
D:8 2 transporters, exclusion: ice statue, p0werm0de's ghost, novice DsCK
D:14 2 transporters, Merytag's ghost, journeyman MiFi
Lair:1 exclusion: 2 oklob plants


Innate Abilities, Weirdness & Mutations

You are a living statue of rough stone.
Your actions are slow, but your melee attacks are powerful.
You are resistant to unholy torment.
Your maximum health is greatly increased.
You are immune to poison.
Your equipment is partially melded.
((You can spit globs of acid.))
((Your golden yellow scales are hard. (AC +9)))
You cannot fit into any form of body armour.
You have acidic saliva.
You are cold-blooded and may be slowed by cold attacks.
You cannot be stealthy.
You are hated by all.
Your casting is slightly disrupted.
You are resistant to acid. (rCorr)
You tend to lose your temper in combat.
Your body sometimes deteriorates upon taking damage.
You sometimes lose the ability to read scrolls when taking damage.


Message History

The golden dragon simulacrum misses you.
The golden dragon simulacrum claws you but does no damage.
The golden dragon simulacrum misses you.
You hit the golden dragon simulacrum but do no damage.
You tail-slap the golden dragon simulacrum.
You bite the golden dragon simulacrum, but do no damage.
The golden dragon simulacrum is moderately damaged.
The golden dragon simulacrum bites you but does no damage.
The golden dragon simulacrum claws you but does no damage.
The golden dragon simulacrum tramples you but does no damage.
The lindwurm simulacrum bites you! The lindwurm simulacrum freezes you!
You feel threatened and lose the ability to read scrolls!
The lindwurm simulacrum misses you. The lindwurm simulacrum claws you.
The lindwurm simulacrum freezes you!
You feel yourself slow down.
You are too injured to fight recklessly!
You are too injured to fight recklessly!
You pummel the golden dragon simulacrum!!
The golden dragon simulacrum is severely damaged.
The golden dragon simulacrum is stunned by your conviction and fails to attack.
The lindwurm simulacrum bites you. The lindwurm simulacrum freezes you!
You feel as though you will be slow longer.
The lindwurm simulacrum claws you but does no damage.
The lindwurm simulacrum closely misses you.
The golden dragon simulacrum bites you!
The golden dragon simulacrum freezes you!!!
You feel as though you will be slow longer.
* * * LOW HITPOINT WARNING * * *
The golden dragon simulacrum claws you but does no damage.
The golden dragon simulacrum barely misses you.
The lindwurm simulacrum closely misses you.
The lindwurm simulacrum claws you but does no damage.
The lindwurm simulacrum barely misses you.
You hit the golden dragon simulacrum.
The golden dragon simulacrum is severely damaged.
The golden dragon simulacrum closely misses you.
The golden dragon simulacrum claws you!
* * * LOW HITPOINT WARNING * * *
The golden dragon simulacrum freezes you!!
You feel as though you will be slow longer.
You die...

#####
##...##
##..∩..##
#.......#
#...8...#
##..ZZ.##
##...##
#...#
##...
#...#
....#
..#..
.####.


You could see a lindwurm simulacrum and a golden dragon simulacrum.

Vanquished Creatures
  Rupert (Lair:3)
  A ghost moth (Spider:1)
  A minotaur (Gauntlet)
  2 dire elephants (Lair:6)
  2 entropy weavers (Spider:1)
  3 boulder beetles
  Fannar (Lair:2)
  2 vault guards (D:14)
  3 centaur warriors
  Erica (D:11)
  A catoblepas (Gauntlet)
  5 hydras
  9 two-headed ogres
  An ogre mage (D:13)
  2 radroaches (Spider:1)
  8 death yaks (Lair:6)
  A tengu warrior (D:15)
  4 orc high priests (Orc:2)
  A soul eater (Orc:2)
  Sonja (Lair:5)
  A sixfirhy (Orc:2)
  The ghost of Ajdolov the Arsonist, a novice OpVM of Jiyva (D:9)
  A pharaoh ant (Spider:1)
  7 skeletal warriors
  A sun moth (Spider:2)
  A spectral death yak (Lair:6)
  A spectral anaconda (Lair:6)
  An obsidian statue (Lair:6)
  2 wizards (D:14)
  A phantasmal warrior (D:15)
  A deep elf pyromancer (D:12)
  5 wolf spiders
  4 necromancers
  4 orc knights (Orc:2)
  4 cyclopes
  7 orc sorcerers (Orc:2)
  8 ugly things
  A stone giant zombie (D:15)
  13 elephants
  6 black mambas
  2 manticores
  A rust devil (Orc:2)
  A centaur zombie (D:9)
  9 cane toads
  A dire elephant zombie (Lair:6)
  A torpor snail (Lair:2)
  A hellion (Gauntlet)
  3 gargoyles
  3 centaur skeletons (D:9)
  2 rime drakes
  2 demonic crawlers (Spider:1)
  A cane toad (shapeshifter) (D:14)
  A yaktaur (D:15)
  10 komodo dragons
  An efreet (D:15)
  A minotaur zombie (Gauntlet)
  A tengu conjurer (D:13)
  3 hellwings (D:9)
  A golden dragon simulacrum (IceCv)
  A red devil (Gauntlet)
  4 trolls
  A polar bear (Lair:4)
  Prince Ribbit (D:7)
  2 ettin zombies (D:15)
  4 slime creatures (D:12)
  5 tarantellas (Spider:1)
  A spectral elephant (Lair:6)
  12 blink frogs
  7 shadows
  10 culicivoras
  11 jumping spiders
  31 yaks
  2 wraiths (D:11)
  A water elemental (D:15)
  A fire elemental (D:14)
  A dire elephant simulacrum (Lair:6)
  6 wyverns
  19 humans (D:14)
  A golden eye (shapeshifter) (D:15)
  7 basilisks
  8 redbacks
  6 vampire mosquitoes
  A neqoxec (Orc:2)
  4 swamp worms (Lair:2)
  4 wargs
  13 water moccasins
  2 ice beasts
  23 orc warriors
  7 ogres
  A necrophage (D:8)
  2 sky beasts
  6 boggarts (D:14)
  2 elephant zombies (Lair:6)
  24 wolves
  2 black bears
  17 centaurs
  An elf zombie (D:7)
  A phantom (D:6)
  A kobold brigand (D:7)
  8 bullfrogs
  2 cane toad simulacra (Lair:6)
  2 gnoll sergeants
  An elf skeleton (D:7)
  4 scorpions
  A water moccasin skeleton (D:7)
  3 killer bees (D:10)
  An elephant simulacrum (Lair:6)
  6 howler monkeys
  An electric eel (Lair:2)
  2 bullfrog zombies (D:5)
  A hound (D:6)
  3 jellies
  A human zombie (Ossuary)
  18 orc priests
  4 bullfrog skeletons
  Ijyb (D:3)
  3 iguanas
  11 orc wizards
  4 mummies (Ossuary)
  2 howler monkey zombies
  A howler monkey skeleton (D:5)
  7 gnolls
  9 adders
  A shadow imp (D:8)
  2 white imps
  2 ufetubi
  An adder zombie (D:5)
  An adder skeleton (D:4)
  2 worms
  3 dart slugs
  48 orcs
  8 ball pythons
  12 bats
  12 endoplasms
  3 giant cockroaches
  2 gnoll zombies (Ossuary)
  11 goblins
  10 hobgoblins
  9 jackals
  2 quokkas
  6 frilled lizards
  2 hobgoblin zombies (Ossuary)
  15 kobolds
  4 orc skeletons (D:7)
  3 orc zombies (Ossuary)
  4 rats
677 creatures vanquished.

Vanquished Creatures (others)
  A boulder beetle (D:11)
  A frost giant skeleton (D:15)
  A centaur skeleton (D:9)
  A komodo dragon (Lair:4)
  A warg (Orc:2)
  An orc warrior (Orc:2)
  A boggart (D:14)
  A centaur zombie (D:7)
  29 fungi
  42 plants
  25 withered plants
104 creatures vanquished.

Grand Total: 781 creatures vanquished

Notes
Turn   | Place    | Note
-------+----------+-------------------------------------------
     0 | D:1      | kae the Draconian Transmuter began the quest for the Orb.
     0 | D:1      | Reached XP level 1. HP: 16/16 MP: 3/3
   303 | D:1      | Reached XP level 2. HP: 23/23 MP: 3/5
   911 | D:1      | Reached XP level 3. HP: 17/28 MP: 6/6
  1763 | D:1      | Learned a level 3 spell: Spider Form
  1781 | D:2      | Reached XP level 4. HP: 27/36 MP: 7/7
  3186 | D:3      | Reached skill level 1 in Poison Magic
  3190 | D:3      | Reached skill level 3 in Transmutations
  3564 | D:3      | Found a faded altar of an unknown god.
  3575 | D:3      | Reached XP level 5. HP: 41/41 MP: 8/8
  3586 | D:3      | Learned a level 4 spell: Ice Form
  3636 | D:3      | Noticed an ogre
  3650 | D:3      | Killed an ogre
  3871 | D:3      | Reached skill level 1 in Ice Magic
  4242 | D:3      | Noticed Ijyb
  4260 | D:3      | Killed Ijyb
  4261 | D:3      | Reached XP level 6. HP: 28/50 MP: 6/9
  5314 | D:5      | Entered Level 5 of the Dungeon
  5328 | D:5      | Your scales start taking on a golden yellow colour.
  5328 | D:5      | Reached XP level 7. HP: 56/56 MP: 11/11
  5328 | D:5      | Gained mutation: You are resistant to acid. (rCorr) [Yellow
                  | Draconian growth]
  5402 | D:5      | Reached skill level 4 in Transmutations
  5658 | D:5      | Found a staircase to the Ecumenical Temple.
  5704 | D:5      | Reached skill level 5 in Unarmed Combat
  5709 | Temple   | Entered the Ecumenical Temple
  5747 | Temple   | Became a worshipper of Ru the Awakened
  6112 | D:5      | Reached XP level 8. HP: 51/63 MP: 13/13
  6397 | D:6      | Reached skill level 5 in Dodging
  6397 | D:6      | Reached skill level 5 in Spellcasting
  6397 | D:6      | Reached skill level 8 in Transmutations
  6397 | D:6      | Reached XP level 9. HP: 75/75 MP: 13/17
  6553 | D:6      | Found a radiant altar of Vehumet.
  6834 | D:6      | Found Yscheec Isull's Weapon Shoppe.
  7203 | D:6      | Gained mutation: You are hated by all. [Ru sacrifice]
  7203 | D:6      | Reached * piety under Ru
  7203 | D:6      | Reached ** piety under Ru
  7322 | D:7      | Found Oxob Dyss's Magic Scroll Emporium.
  7387 | D:7      | Found a sand-covered staircase.
  7392 | Ossuary  | Entered an ossuary
  7843 | D:7      | Bought a scroll of blinking for 90 gold pieces
  7843 | D:7      | Bought a scroll of identify for 24 gold pieces
  7843 | D:7      | Bought a scroll of identify for 24 gold pieces
  7845 | D:7      | Identified a scroll of acquirement
  7845 | D:7      | Acquired the amulet "Utungumi" {Spirit Dex+5}
  7889 | D:7      | Got the Papyrus of the Volcanoes
  7924 | D:7      | Noticed Prince Ribbit
  7933 | D:7      | Killed Prince Ribbit
  8597 | D:8      | Reached XP level 10. HP: 84/84 MP: 13/18
  8642 | D:8      | Reached skill level 9 in Transmutations
  8744 | D:8      | Found a staircase to the Lair.
  8943 | D:8      | Found a transporter.
  8953 | D:8      | Noticed a cyan ugly thing
  8959 | D:8      | Noticed a centaur warrior
  8965 | D:8      | Noticed an ice statue
  8965 | D:8      | Noticed p0werm0de's ghost (novice DsCK)
  8977 | D:8      | Found a transporter.
 10014 | D:9      | Found a runed translucent door.
 10017 | D:9      | Noticed Ajdolov's ghost (novice OpVM)
 10394 | D:9      | Reached XP level 11. HP: 78/92 MP: 11/20
 10591 | D:9      | Identified the +3 flail of Neogroyd {vorpal, rElec Str+3}
 10867 | D:9      | Reached skill level 10 in Unarmed Combat
 11107 | D:9      | Found the +4 Cigotuvi's embrace {rMiasma Drain rN+}
 11171 | D:9      | Learned a level 6 spell: Statue Form
 11193 | D:10     | Entered Level 10 of the Dungeon
 12009 | Lair:1   | Entered Level 1 of the Lair of Beasts
 12070 | Lair:1   | Reached skill level 10 in Transmutations
 12073 | Lair:1   | Reached skill level 1 in Earth Magic
 12383 | Lair:1   | Noticed a five-headed hydra
 12388 | Lair:1   | Killed a five-headed hydra
 12742 | Lair:1   | Noticed an oklob plant
 12746 | Lair:1   | Noticed an oklob plant
 13947 | Lair:2   | Noticed Fannar
 13967 | Lair:2   | Killed Fannar
 14040 | Lair:2   | Reached XP level 12. HP: 79/101 MP: 12/22
 14525 | Lair:2   | Found a staircase to the Swamp.
 14533 | Lair:2   | Reached skill level 11 in Transmutations
 14990 | Lair:2   | Found a hole to the Spider Nest.
 15535 | Lair:3   | Reached skill level 5 in Earth Magic
 16079 | Lair:3   | Noticed Rupert
 16110 | Lair:3   | Killed Rupert
 16161 | Lair:3   | Gained mutation: You cannot be stealthy. [Ru sacrifice]
 17715 | Lair:4   | Noticed a boulder beetle
 17732 | Lair:4   | Killed a boulder beetle
 18137 | Lair:5   | Reached skill level 12 in Transmutations
 18149 | Lair:5   | Reached XP level 13. HP: 99/107 MP: 17/25
 18707 | Lair:5   | Noticed Sonja
 19062 | Lair:5   | Killed Sonja
 19458 | Lair:6   | Entered Level 6 of the Lair of Beasts
 19937 | Lair:6   | Reached skill level 13 in Transmutations
 20861 | Lair:6   | Noticed a dire elephant
 20861 | Lair:6   | Noticed a dire elephant
 20862 | Lair:6   | Found the +7 lajatang of Order {silver, rMut}
 21018 | Lair:6   | Killed a dire elephant
 21028 | Lair:6   | Killed a dire elephant
 21029 | Lair:6   | Reached skill level 10 in Earth Magic
 21463 | Lair:6   | Reached skill level 14 in Transmutations
 21728 | Lair:6   | Gained mutation: You have acidic saliva. [Yellow Draconian
                  | growth]
 21728 | Lair:6   | Reached XP level 14. HP: 115/115 MP: 18/26
 22068 | Lair:6   | Found a staircase to the Slime Pits.
 22212 | Lair:6   | Gained mutation: You occasionally shout uncontrollably at
                  | your foes. [a neqoxec]
 22222 | Lair:6   | Gained mutation: You tend to lose your temper in combat. [a
                  | neqoxec]
 22483 | D:9      | Killed Ajdolov's ghost
 22604 | D:11     | Learned a level 5 spell: Blade Hands
 22616 | D:11     | Learned a level 7 spell: Storm Form
 22698 | D:11     | Found Orozu's Assorted Antiques.
 22735 | D:11     | Reached skill level 1 in Air Magic
 22778 | D:11     | Found a portal to a secret trove of treasure.
 22835 | D:11     | Found a gate leading to a gauntlet.
 22840 | D:11     | Noticed Erica
 22844 | Gauntlet | Entered a Gauntlet
 22844 | Gauntlet | Found a transporter.
 22853 | Gauntlet | Found a transporter.
 22868 | Gauntlet | Found a transporter.
 22873 | Gauntlet | Found a transporter.
 22888 | Gauntlet | Found a transporter.
 22907 | Gauntlet | Found a transporter.
 22919 | Gauntlet | Found a transporter.
 22927 | Gauntlet | Found a large runed translucent door.
 22928 | Gauntlet | Found a large runed translucent door.
 22929 | Gauntlet | Found a large runed translucent door.
 22929 | Gauntlet | Found a large runed translucent door.
 22930 | Gauntlet | Found a runed translucent gate.
 22931 | Gauntlet | Found a transporter.
 22931 | Gauntlet | Found a runed translucent gate.
 22932 | Gauntlet | Found a runed translucent gate.
 22933 | Gauntlet | Found a large runed translucent door.
 22933 | Gauntlet | Found a large runed translucent door.
 22934 | Gauntlet | Found a large runed translucent door.
 22935 | Gauntlet | Found a large runed translucent door.
 22943 | Gauntlet | Found a transporter.
 22955 | Gauntlet | Found a transporter.
 22972 | Gauntlet | Found a transporter.
 22990 | Gauntlet | Found a transporter.
 22992 | Gauntlet | Found a transporter.
 23017 | Gauntlet | Found a transporter.
 23019 | Gauntlet | Found a transporter.
 23039 | Gauntlet | Found a transporter.
 23137 | Gauntlet | Found a large runed translucent door.
 23137 | Gauntlet | Found a large runed translucent door.
 23137 | Gauntlet | Found a runed translucent door.
 23137 | Gauntlet | Found a runed translucent door.
 23138 | Gauntlet | Found a large runed translucent door.
 23139 | Gauntlet | Found a large runed translucent door.
 23141 | Gauntlet | Found a transporter.
 23141 | Gauntlet | Found a transporter.
 23157 | Gauntlet | Found a large runed translucent door.
 23157 | Gauntlet | Found a large runed translucent door.
 23158 | Gauntlet | Found a large runed translucent door.
 23159 | Gauntlet | Found a large runed translucent door.
 23400 | Gauntlet | Identified the ring of Tockuray {Str+3 Int+6}
 23633 | Gauntlet | Identified the +5 falchion of the Globe {vorpal, Fly rPois
                  | rF- Dex+8}
 23633 | Gauntlet | Identified the amulet "Guiraz" {Faith Dex+4}
 23984 | D:11     | Killed Erica
 24106 | D:11     | Found a staircase to the Orcish Mines.
 24340 | D:11     | Identified the +1 chain mail of Elunout {rC+ Str+4}
 24576 | Orc:1    | Entered Level 1 of the Orcish Mines
 24720 | Orc:2    | Entered Level 2 of the Orcish Mines
 24733 | Orc:2    | Found Nuifiucuta's CLEARANCE SALE!.
 25017 | Orc:2    | Lost mutation: You occasionally shout uncontrollably at
                  | your foes. [potion of mutation]
 25017 | Orc:2    | Lost mutation: You tend to lose your temper in combat.
                  | [potion of mutation]
 25017 | Orc:2    | Gained mutation: Your body sometimes deteriorates upon
                  | taking damage. [potion of mutation]
 25017 | Orc:2    | Gained mutation: You have a somewhat thin skeletal
                  | structure. (Dex +2, Stealth+) [potion of mutation]
 25018 | Orc:2    | Lost mutation: Your body sometimes deteriorates upon taking
                  | damage. [potion of mutation]
 25018 | Orc:2    | Lost mutation: You have a somewhat thin skeletal structure.
                  | (Dex +2, Stealth+) [potion of mutation]
 25018 | Orc:2    | Gained mutation: You tend to lose your temper in combat.
                  | [potion of mutation]
 25018 | Orc:2    | Gained mutation: You sometimes lose the ability to read
                  | scrolls when taking damage. [potion of mutation]
 25018 | Orc:2    | Gained mutation: You are agile. (Dex +2) [potion of
                  | mutation]
 25128 | Orc:2    | Found a staircase to the Elven Halls.
 25177 | Orc:2    | Gained mutation: Your casting is slightly disrupted. [Ru
                  | sacrifice]
 25177 | Orc:2    | Reached *** piety under Ru
 25334 | Orc:2    | Found Iniuti's Distillery.
 25338 | Orc:2    | Found Teofy's General Store.
 25347 | Orc:2    | Lost mutation: You are agile. (Dex +2) [a neqoxec]
 25974 | Orc:2    | Bought a scroll of magic mapping for 45 gold pieces
 26114 | Orc:2    | Gained mutation: Your body sometimes deteriorates upon
                  | taking damage. [a neqoxec]
 26677 | Orc:2    | Found Fuhoavog's Antique Armour Emporium.
 26677 | Orc:2    | Found Macafaet's Book Shoppe.
 26678 | Orc:2    | Found a one-way gate leading to the halls of Pandemonium.
 26973 | D:12     | Reached skill level 15 in Transmutations
 27981 | D:12     | Identified the ring "Ipsaefis" {Str+2 Dex+6}
 28749 | D:13     | Reached XP level 15. HP: 123/123 MP: 17/27
 28870 | D:13     | Reached skill level 5 in Air Magic
 29631 | D:14     | Found a gate to the Vaults.
 29712 | D:14     | Noticed Merytag's ghost (journeyman MiFi)
 29713 | D:14     | Found a transporter.
 29713 | D:14     | Noticed a frost giant
 29738 | D:14     | Found a transporter.
 30543 | D:15     | Entered Level 15 of the Dungeon
 30789 | D:15     | Found a staircase to the Depths.
 32357 | Spider:1 | Entered Level 1 of the Spider Nest
 33521 | Spider:1 | Reached skill level 16 in Transmutations
 34041 | Spider:2 | Found a frozen archway.
 34229 | IceCv    | Entered an ice cave
 34239 | IceCv    | Slain by a golden dragon simulacrum

Illustrated notes

Levels and vault maps discovered:
D:1:      dpeg_arrival_concentric_ovals, layout_loops_ring
D:2:      layout_basic, serial_aquarium, aquarium_bridge_straight
          [aquarium_subvault_bridge, aquarium_subvault_balcony,
          aquarium_subvault_bridge, aquarium_subvault_balcony],
          aquarium_window_1, aquarium_window_fake, aquarium_window_2,
          aquarium_window_corner, aquarium_view_4, kennysheep_generic_room_3
D:3:      kennysheep_goblin_castle, layout_rooms, basic_ecumenical_altar,
          chequers_serial_rivers_large_b, nrook_mini_backslash,
          chequers_serial_rivers_large_a, hangedman_feature_mirror,
          minmay_misc_feat_rows, minmay_joined_circles
D:4:      layout_cave_pools, uniq_ijyb
D:5:      layout_loops_ring, temple_fountains, wad_floor_pattern_untrapped
D:6:      layout_layer_cave, nicolae_vehumet_radiance, serial_shops,
          nicolae_shop_bloodbath_and_beyond
D:7:      layout_basic, serial_shops, shop, nicolae_ossuary_entry_catacombs,
          uniq_prince_ribbit1
D:8:      layout_gridville, minmay_lair_entry_grove, nzn_ghost_randoct
D:9:      layout_loops_ring, hellmonk_ghost_happy_afterlife,
          hellmonk_guarded_unrand_cigotuvi
D:10:     layout_basic
D:11:     layout_long_grid, minmay_orc_entry_guard_dogs, gauntlet_entry_generic,
          serial_shops, shop, enter_trove_6, uniq_erica
D:12:     layout_gridville
D:13:     layout_loops_ring, lemuel_old_faithful
D:14:     lemuel_flame_loot_2, layout_loops_ring, grunt_vaults_entry_tiered,
          gammafunk_ghost_arena, hangedman_abyss_or_decor_lesser_grid
D:15:     gammafunk_depths_entry_grave, layout_basic
Temple:   nicolae_temple_the_god_donut
Lair:1:   layout_misc_corridors, hangedman_tree_tricks, serial_bayou_shore_b
Lair:2:   layout_cave_pods, nicolae_swamp_entry_splash_gauntlet,
          spider_nest_entry_funnel_web, minmay_holes, uniq_fannar
Lair:3:   layout_regular_city, uniq_rupert
Lair:4:   layout_gridlike
Lair:5:   layout_regular_city, nicolae_quartered_pool_super, uniq_sonja
Lair:6:   due_jungle_book, layout_regular_city, dpeg_slime_entry_enclosed_altar,
          st_stairs_5, infiniplex_staircase_pool_2
Spider:1: layout_chambers, drop_trap
Spider:2: layout_spider_delve, portal_ice_cave_entry_pillars_1,
          hangedman_spider_mandibles, drop_trap, guppyfry_hornet_nest
Orc:1:    layout_caves
Orc:2:    pf_orc_diabolical, layout_caves, nicolae_shop_clearance
IceCv:    ice_cave_small_dragons

Skill      XL: |  1  2  3  4  5  6  7  8  9 10 11 12 13 14 15 |
---------------+----------------------------------------------+-----
Dodging        | 2 3 5 6 7 8 |  8.5
Fighting       | 2 3 6 7 8 9 |  9.8
Poison Magic   | 1 2 |  2.0
Transmutations | 3 4 8 9 10 12 14 15 16 | 16.0
Unarmed Combat | 4 5 8 9 11 12 13 | 13.9
Ice Magic      | 1 2 3 4 |  4.0
Spellcasting   | 3 5 6 7 8 9 |  9.4
Earth Magic    | 4 6 10 | 10.6
Air Magic      | 4 7 |  7.4

Action                   |  1- 3 |  4- 6 |  7- 9 | 10-12 | 13-15 || total
-------------------------+-------+-------+-------+-------+-------++-------
Melee: Unarmed           |   102 |   228 |   233 |   560 |  1124 ||  2247
       Headbutt          |     9 |     9 |       |       |       ||    18
       Kick              |    11 |    13 |       |       |       ||    24
       Tailslap          |     7 |     8 |     8 |     2 |   200 ||   225
       Punch             |     2 |     5 |     1 |       |   120 ||   128
       Bite              |       |       |       |       |   126 ||   126
 Cast: Beastly Appendage |    18 |    19 |       |       |       ||    37
       Spider Form       |     1 |    20 |    10 |       |       ||    31
       Ice Form          |       |       |    21 |    68 |     8 ||    97
       Statue Form       |       |       |       |     1 |   116 ||   117
Invok: Sacrifice Love    |       |       |     1 |       |       ||     1
       Sacrifice Stealth |       |       |       |     1 |       ||     1
       Reject Sacrifices |       |       |       |       |     3 ||     3
       Draw Out Power    |       |       |       |       |     1 ||     1
       Sacrifice Essence |       |       |       |       |     1 ||     1
 Abil: Breathe Acid      |       |       |     3 |       |       ||     3
       End Transformatio |       |       |       |     1 |       ||     1
Evoke: Wand              |       |       |       |     3 |       ||     3
  Use: Scroll            |     6 |     8 |    11 |     7 |     3 ||    35
       Potion            |       |       |     1 |     2 |     6 ||     9
 Stab: Sleeping          |       |     2 |     1 |       |       ||     3
       Distracted        |       |       |     2 |     2 |     7 ||    11
       Petrified         |       |       |       |     4 |       ||     4
       Invisible         |       |       |       |       |     1 ||     1
Armor: Skin              |    53 |    57 |    63 |   201 |   876 ||  1250
Dodge: Dodged            |    99 |   185 |   121 |   335 |  1090 ||  1830
       Repelled          |       |       |       |       |     3 ||     3

Table legend: (Time is in decaauts)
 A = Elapsed time spent in this place.
 B = Non-inter-level travel time spent in this place.
 C = Inter-level travel time spent in this place.
 D = Time resting spent in this place.
 E = Time spent auto-exploring this place.
 F = Levels seen in this place.
 G = Mean time per level.
                   A        B        C        D        E       F      G
               +--------+--------+--------+--------+--------+-----+--------+
         Total |  36332 |  35017 |   1315 |   3603 |  25798 |  29 | 1252.8 |
       Dungeon |  19128 |  18308 |    820 |   1186 |  14161 |  15 | 1275.2 |
        Temple |     65 |     58 |      7 |      0 |     20 |   1 |   65.0 |
          Lair |  10819 |  10450 |    369 |   1252 |   7949 |   6 | 1803.2 |
   Spider Nest |   2244 |   2186 |     58 |    237 |   1572 |   2 | 1122.0 |
  Orcish Mines |   2529 |   2470 |     59 |    296 |   1596 |   2 | 1264.5 |
       Ossuary |    269 |    269 |      0 |     17 |    137 |   1 |  269.0 |
      Ice Cave |     13 |     13 |      0 |      0 |      0 |   1 |   13.0 |
      Gauntlet |   1262 |   1262 |      0 |    613 |    361 |   1 | 1262.0 |
               +--------+--------+--------+--------+--------+-----+--------+

Top non-repeatable levels by time:
  Lair:6: 3195 daAuts
Spider:1: 1938 daAuts
  Lair:2: 1931 daAuts
    D:15: 1854 daAuts
   Orc:2: 1816 daAuts
  Lair:4: 1803 daAuts
     D:3: 1710 daAuts
     D:9: 1677 daAuts
     D:1: 1592 daAuts
    D:14: 1548 daAuts
    D:12: 1529 daAuts
  Lair:1: 1523 daAuts
     D:2: 1296 daAuts
  Lair:3: 1292 daAuts
Gauntlet: 1262 daAuts
